 Dungeon Crawl Stone Soup version 0.17-a0-1596-g1e86911 (webtiles) character file.

2259 urechis the Basher (level 9, -2/100 HPs)
             Began as an Ogre Gladiator on July 31, 2015.
             Was an Initiate of Ru.
             Slain by urechis's ghost (38 damage)
             ... on level 8 of the Dungeon.
             The game lasted 00:09:03 (7704 turns).

urechis the Basher (Ogre Gladiator)                 Turns: 7704, Time: 00:09:03

Health: -2/100     AC:  3    Str: 25    XL:     9   Next: 38%
Magic:  9/9        EV: 10    Int:  9    God:    Ru [......]
Gold:   283        SH:  0    Dex: 10    Spells: 0 memorised, 8 levels left

rFire  + . .     SeeInvis .     z - +6 flail "Acvufanor" {freeze, +Inv rF+ Int+2 Stlth+}
rCold  . . .     Clarity  .     b - +0 robe
rNeg   . . .     SustAt   .     (no shield)
rPois  .         Gourm    .     c - +0 hat
rElec  .         Spirit   .     (no cloak)
rCorr  .         Warding  .     (gloves unavailable)
rMut   .         Stasis   +     (boots unavailable)
MR     .....                    w - amulet of stasis
Stlth  ++........               (no ring)
                                (no ring)

@: not resistant to hostile enchantments, unstealthy
A: unfitting armour, tough skin 1
a: Renounce Religion, Evoke Invisibility


You were on level 8 of the Dungeon.
You worshipped Ru.
Ru was noncommittal.
You were not hungry.

You visited 2 branches of the dungeon, and saw 9 of its levels.

You collected 283 gold pieces.

Inventory:

Hand weapons
 u - a +0 giant spiked club
 z - the +6 flail "Acvufanor" (weapon) {freeze, +Inv rF+ Int+2 Stlth+}
   (You found it on level 4 of the Dungeon)

   It has been specially enchanted to freeze those struck by it, causing extra
   injury to most foes and up to half again as much damage against particularly
   susceptible opponents.
   It can also slow down cold-blooded creatures.
   It affects your intelligence (+2).
   It protects you from fire.
   It lets you turn invisible.
   It makes you more stealthy.
Missiles
 e - 3 throwing nets
 p - 9 tomahawks
 q - 2 javelins (quivered)
 x - 11 poisoned needles
Armour
 b - a +0 robe (worn)
 c - a +0 hat (worn)
Jewellery
 w - an amulet of stasis (around neck)
 G - a cursed ring of loudness {unknown}
Magical devices
 A - a wand of flame (34)
 D - a wand of fire (4)
 E - a wand of magic darts (32)
Scrolls
 a - a scroll of fog {unknown}
 h - 2 scrolls of amnesia {unknown}
 i - 2 scrolls of teleportation {unknown}
 k - 3 scrolls of identify {unknown}
 l - a scroll of enchant armour {unknown}
 n - 5 scrolls of remove curse
 s - a scroll of fear {unknown}
 t - 2 scrolls of noise {unknown}
 v - 2 scrolls of enchant weapon {unknown}
 y - a scroll of blinking {unknown}
 B - a scroll of random uselessness {unknown}
 C - a scroll of immolation {unknown}
Potions
 f - a potion of might {unknown}
 g - 4 potions of curing
 o - 3 potions of poison {unknown}
 r - 2 potions of lignification {unknown}
Comestibles
 d - 5 bread rations
 j - a beef jerky
 m - 7 meat rations
 F - 2 chunks of flesh


   Skills:
 + Level 9.5 Fighting
 * Level 13.1 Maces & Flails
 - Level 2.1 Throwing
 - Level 2.6 Dodging


You had 8 spell levels left.
You didn't know any spells.

Dungeon Overview and Level Annotations

Branches:
Dungeon (8/15)             Temple (1/1) D:5
   Lair: D:8-11

Altars:
Ashenzari
Cheibriados
Dithmenos
Elyvilon
Fedhas
Gozag
Kikubaaqudgha
Makhleb
Nemelex Xobeh
Okawaru
Qazlal
Ru
Sif Muna
Trog
Vehumet
Xom
Yredelemnul
Zin
The Shining One

Annotations:
D:8 urechis's ghost, experienced OgGl


Innate Abilities, Weirdness & Mutations

You are too large for most types of armour.
You have tough skin (AC +1).


Message History

Urechis's ghost hits you!!
You barely miss urechis's ghost.
Urechis's ghost is moderately damaged.
Urechis's ghost closely misses you.
You thump urechis's ghost! You freeze urechis's ghost.
Urechis's ghost is heavily damaged.
Urechis's ghost closely misses you.
You barely miss urechis's ghost.
Urechis's ghost is heavily damaged.
You thump urechis's ghost! You freeze urechis's ghost.
Urechis's ghost is severely damaged.
Urechis's ghost hits you!
You bludgeon urechis's ghost!! You freeze urechis's ghost.
Urechis's ghost is almost destroyed.
Urechis's ghost laughs crazily.
Urechis's ghost hits you.
You closely miss urechis's ghost.
Urechis's ghost is almost destroyed.
Urechis's ghost hits you!!!
You die...

### ..# #.# #
###.#######
#.#..W.......
#.#.#@# #.....#
###.### #.# #.#
#.######
#......###### .
#...##......# ##..O
#.#.##......#......


You could see urechis's ghost.

Vanquished Creatures
  2 black bears
  2 orc warriors
  A sky beast (D:7)
  4 ogres
  2 ice beasts (D:6)
  A phantom (D:5)
  A giant frog (D:3)
  2 scorpions
  A killer bee (D:7)
  A centaur zombie (D:7)
  3 crimson imps
  3 hounds
  4 orc priests
  2 iguanas (D:7)
  A giant frog skeleton (D:7)
  4 orc wizards
  3 worker ants
  A hound zombie (D:5)
  A hound skeleton (D:7)
  6 gnolls
  6 adders
  5 shadow imps
  2 oozes (D:3)
  5 worms
  6 giant geckos
  27 orcs
  7 giant cockroaches
  7 hobgoblins
  21 jackals
  11 kobolds
  6 quokkas
  A ball python (D:3)
  7 bats
  2 giant newts
  7 goblins
  A quokka skeleton (D:5)
  9 rats
175 creatures vanquished.

Vanquished Creatures (others)
  A hound (D:4)
1 creature vanquished.

Grand Total: 176 creatures vanquished

Notes
Turn   | Place    | Note
--------------------------------------------------------------
     0 | D:1      | urechis the Ogre Gladiator began the quest for the Orb.
     0 | D:1      | Reached XP level 1. HP: 22/22 MP: 1/1
    66 | D:1      | Reached XP level 2. HP: 16/31 MP: 2/2
   601 | D:1      | Reached XP level 3. HP: 29/37 MP: 3/3
   664 | D:1      | Reached skill level 5 in Maces & Flails
  1299 | D:2      | Reached XP level 4. HP: 32/48 MP: 4/4
  1713 | D:3      | Reached skill level 6 in Maces & Flails
  1849 | D:3      | Noticed a giant frog
  1856 | D:3      | Killed a giant frog
  1856 | D:3      | Reached XP level 5. HP: 33/55 MP: 5/5
  1963 | D:3      | Reached skill level 7 in Maces & Flails
  2331 | D:3      | Found an opulent altar of Gozag.
  2463 | D:3      | Reached skill level 5 in Fighting
  2882 | D:4      | Noticed an ogre
  2886 | D:4      | Killed an ogre
  2886 | D:4      | Reached XP level 6. HP: 22/66 MP: 6/6
  3470 | D:4      | Reached skill level 8 in Maces & Flails
  3742 | D:4      | Reached XP level 7. HP: 68/75 MP: 7/7
  3868 | D:4      | Got a faintly glowing flail
  3869 | D:4      | Identified the +6 flail "Acvufanor" {freeze, +Inv rF+ Int+2 Stlth+} (You found it on level 4 of the Dungeon)
  3981 | D:4      | Found a radiant altar of Vehumet.
  4183 | D:5      | Entered Level 5 of the Dungeon
  4218 | D:5      | Reached skill level 9 in Maces & Flails
  4731 | D:5      | Reached skill level 10 in Maces & Flails
  4743 | D:5      | Reached XP level 8. HP: 71/87 MP: 8/8
  4763 | D:5      | Found an iron altar of Okawaru.
  4781 | D:5      | Got an iridescent war axe
  4782 | D:5      | Identified the +2 war axe of Pemer {venom, Str+3 SInv} (You found it on level 5 of the Dungeon)
  4845 | D:5      | Found a staircase to the Ecumenical Temple.
  5201 | Temple   | Entered the Ecumenical Temple
  5393 | D:6      | Found a white marble altar of Elyvilon.
  5505 | D:6      | Reached skill level 11 in Maces & Flails
  5813 | D:6      | Found a glowing golden altar of the Shining One.
  6397 | D:6      | Reached skill level 12 in Maces & Flails
  6423 | D:6      | Reached XP level 9. HP: 59/97 MP: 9/9
  6958 | D:7      | Found a shimmering altar of Xom.
  6962 | D:7      | Found a shimmering altar of Xom.
  6971 | D:7      | Found a shimmering altar of Xom.
  6980 | D:7      | Found a shimmering altar of Xom.
  7020 | D:7      | Reached skill level 13 in Maces & Flails
  7606 | D:7      | Found a sacrificial altar of Ru.
  7617 | D:7      | Became a worshipper of Ru the Awakened
  7692 | D:8      | Noticed urechis's ghost (experienced OgGl)
  7704 | D:8      | Slain by urechis's ghost

Vault maps used:
D:1:      shiori_arrival_elements
D:2:      hangedman_decor_peaks_small, moated_statue
D:3:      nicolae_gozag_cash_rules_everything_around_me, first_bread,
          roderic_lattice_a, grunt_ministairs_5
D:4:      fiery_altar_vehumet
D:5:      okawaru_trees_1, temple_doors_a
D:6:      overflow_temple_1_default, lemuel_crystal_altar, kennysheep_dice
D:7:      xom_redecorated, nicolae_ru_the_path_less_chosen, serial_park,
          serial_park_tiny_1, serial_park_gazebo, serial_park_square2,
          serial_park_tiny_1, serial_park_tiny_2, serial_park_square3
D:8:      grunt_livestock, uniq_prince_ribbit1
Temple:   water_room_temple_b_12

Action                   |  1- 3 |  4- 6 |  7- 9 || total
-------------------------+-------+-------+-------++-------
Melee: Flail             |   108 |   129 |   183 ||   420
       Morningstar       |       |    14 |       ||    14
       Giant club        |       |    33 |     6 ||    39
       Whip              |       |       |    42 ||    42
  Use: Potion            |       |       |     1 ||     1
       Scroll            |       |       |     1 ||     1
 Stab: Sleeping          |     1 |     1 |     7 ||     9
  Eat: Chunk             |       |     8 |     9 ||    17
       Bread ration      |       |       |     1 ||     1
